[Event "Hastings Masters"]
[Site "Hastings, England"]
[Date "2013.05.01"]
[Round "10"]
[White "Sulskis, Sarunas"]
[Black "Vovk, Andrey"]
[Result "1/2-1/2"]
[ECO "B90"]
[WhiteElo "2550"]
[BlackElo "2567"]
[PlyCount "46"]
[EventDate "2013.??.??"]
[TimeControl "6600+1405"]
[WhiteClock "0:19:29"]
[BlackClock "0:17:13"]

1. e4 c5 2. Nf3 d6 3. d4 cxd4 4. Nxd4 Nf6 5. Nc3 a6 6. Be3 e5 7. Nb3 Be7 8. Be2
Be6 9. Nd5 Nbd7 10. Qd3 Bxd5 11. exd5 O-O 12. O-O Rc8 13. c4 Nc5 14. Nxc5 dxc5
15. d6 Qxd6 16. Qxd6 Bxd6 17. Rfd1 Rfd8 18. Bg5 e4 19. Bxf6 gxf6 20. Bg4 Rb8
21. b3 Be5 22. Rxd8+ Rxd8 23. Rd1 Rxd1+ 1/2-1/2

[Event "Hastings Masters"]
[Site "Hastings, England"]
[Date "2013.05.01"]
[Round "10"]
[White "Gao, Rui"]
[Black "Hawkins, Jonathan"]
[Result "1/2-1/2"]
[ECO "C88"]
[WhiteElo "2450"]
[BlackElo "2507"]
[PlyCount "81"]
[EventDate "2013.??.??"]
[TimeControl "6600+1380"]
[WhiteClock "0:38:11"]
[BlackClock "0:05:00"]

1. e4 e5 2. Nf3 Nc6 3. Bb5 a6 4. Ba4 Nf6 5. O-O Be7 6. Re1 b5 7. Bb3 O-O 8. a4
b4 9. d3 d6 10. Nbd2 Na5 11. Ba2 c5 12. Nc4 Nc6 13. h3 Rb8 14. Nh2 Nd4 15. c3
Ne6 16. Nf3 Qc7 17. a5 bxc3 18. bxc3 Bb7 19. Nb6 Bc6 20. Bc4 Qa7 21. Qb3 Nc7
22. Bg5 Bd8 23. Bxf6 Bxf6 24. Qa2 Nb5 25. Qc2 Bd8 26. Bd5 Bxd5 27. Nxd5 Nc7 28.
Nxc7 Qxc7 29. Nd2 Qc6 30. Nc4 f5 31. Qa4 Qxa4 32. Rxa4 Bc7 33. Ra2 fxe4 34.
dxe4 Rb3 35. Ne3 Rfb8 36. c4 Kf7 37. g3 Bd8 38. h4 g6 39. Kg2 R8b4 40. Rd1 Ke6
41. Rad2 1/2-1/2

[Event "Hastings Masters"]
[Site "Hastings, England"]
[Date "2013.05.01"]
[Round "10"]
[White "Kulaots, Kaido"]
[Black "Gu, Xiaobing"]
[Result "1-0"]
[ECO "B90"]
[WhiteElo "2581"]
[BlackElo "2209"]
[PlyCount "55"]
[EventDate "2013.??.??"]
[TimeControl "6600+1015"]
[WhiteClock "0:08:49"]
[BlackClock "0:07:04"]

1. e4 c5 2. Nf3 d6 3. d4 cxd4 4. Nxd4 Nf6 5. Nc3 a6 6. Be3 e5 7. Nb3 Be6 8. h3
Nbd7 9. g4 Nb6 10. g5 Nfd7 11. Qd2 Qc7 12. O-O-O Be7 13. h4 Rc8 14. Rg1 O-O 15.
h5 d5 16. exd5 Nxd5 17. Nxd5 Bxd5 18. g6 Nf6 19. Bh3 Bb4 20. c3 Rcd8 21. gxh7+
Kh8 22. Bh6 Nxh5 23. Qg5 gxh6 24. Qxh5 f5 25. Bxf5 Qc6 26. Qg4 Qf6 27. Rxd5 h5
28. Qg2 1-0

[Event "Hastings Masters"]
[Site "Hastings, England"]
[Date "2013.05.01"]
[Round "10"]
[White "Arkell, Keith C"]
[Black "Vocaturo, Daniele"]
[Result "0-1"]
[ECO "A48"]
[WhiteElo "2470"]
[BlackElo "2521"]
[PlyCount "94"]
[EventDate "2013.??.??"]
[TimeControl "6600+750"]
[WhiteClock "0:45:14"]
[BlackClock "0:49:52"]

1. d4 Nf6 2. Nf3 g6 3. b4 Bg7 4. Nbd2 O-O 5. Bb2 d6 6. e4 Nfd7 7. Rb1 e5 8.
dxe5 Nxe5 9. Be2 Nxf3+ 10. Bxf3 Bxb2 11. Rxb2 Qf6 12. Qa1 Nc6 13. O-O Be6 14.
a3 Qc3 15. Nb3 f5 16. exf5 Rxf5 17. Bxc6 bxc6 18. Rbb1 Qxa1 19. Rxa1 Bxb3 20.
cxb3 a5 21. bxa5 Rfxa5 22. a4 Rb8 23. Ra3 Rb4 24. Re1 Kf7 25. Re3 c5 26. Kf1 c4
27. bxc4 Rxc4 28. Rh3 h5 29. Rhf3+ Ke6 30. Rg3 g5 31. Rac3 Rxc3 32. Rxc3 c5 33.
Ra3 c4 34. Ke2 Kd5 35. Rh3 h4 36. f4 gxf4 37. Rxh4 Rxa4 38. Rxf4 Ra2+ 39. Kf3
c3 40. Ke3 Rxg2 41. Kd3 c2 42. Rd4+ Ke5 43. Re4+ Kf5 44. Rc4 Rxh2 45. Rc8 Ke5
46. Re8+ Kd5 47. Rc8 Rh4 0-1

[Event "Hastings Masters"]
[Site "Hastings, England"]
[Date "2013.05.01"]
[Round "10"]
[White "Rayner, Francis"]
[Black "Gretarsson, Hjorvar Steinn"]
[Result "0-1"]
[ECO "A11"]
[WhiteElo "2166"]
[BlackElo "2516"]
[PlyCount "94"]
[EventDate "2013.??.??"]
[TimeControl "6600+1020"]
[WhiteClock "0:03:19"]
[BlackClock "1:03:42"]

1. c4 c6 2. Nf3 d5 3. e3 Nf6 4. Nc3 a6 5. Qc2 b5 6. b3 e6 7. Bb2 Be7 8. d4 Bb7
9. Bd3 Nbd7 10. O-O O-O 11. Ne5 bxc4 12. bxc4 dxc4 13. Bxc4 c5 14. Rfd1 cxd4
15. Nxd7 Nxd7 16. Rxd4 Bf6 17. Rd2 Qc7 18. Bd3 Rfc8 19. Ne4 Bxb2 20. Qxb2 Ne5
21. Rc2 Qd7 22. Qxe5 Qxd3 23. Rxc8+ Rxc8 24. Nc5 Qb5 25. Rc1 Bd5 26. Nb3 Rxc1+
27. Nxc1 Qb4 28. h3 f6 29. Qc7 Qe1+ 30. Kh2 Qxf2 31. Qg3 Qxg3+ 32. Kxg3 Bc4 33.
Kf3 Kf7 34. g3 e5 35. e4 Ke6 36. Ke3 Kd6 37. Kd2 Kc5 38. Kc3 a5 39. Nb3+ Bxb3
40. axb3 Kb5 41. g4 g5 42. Kc2 Kb4 43. Kb2 a4 44. bxa4 Kxa4 45. Kc3 Kb5 46. Kb3
Kc5 47. Kc3 h6 0-1

[Event "Hastings Masters"]
[Site "Hastings, England"]
[Date "2013.05.01"]
[Round "10"]
[White "Kvisla, Johannes Luangtep"]
[Black "Hamitevici, Vladimir"]
[Result "0-1"]
[ECO "E17"]
[WhiteElo "2148"]
[BlackElo "2440"]
[PlyCount "28"]
[EventDate "2013.??.??"]
[TimeControl "6600+200"]
[WhiteClock "1:30:41"]
[BlackClock "1:28:28"]

1. Nf3 Nf6 2. c4 b6 3. d4 e6 4. g3 Bb7 5. Bg2 Be7 6. O-O O-O 7. Re1 Na6 8. Nc3
Ne4 9. Bd2 f5 10. d5 Bf6 11. Rc1 e5 12. Qc2 Nxd2 13. Nxd2 e4 14. e3 Nb4 0-1

[Event "Hastings Masters"]
[Site "Hastings, England"]
[Date "2013.05.01"]
[Round "10"]
[White "Wadsworth, Matthew J"]
[Black "Zhou, Yang-Fan"]
[Result "0-1"]
[ECO "A00"]
[WhiteElo "2067"]
[BlackElo "2419"]
[PlyCount "54"]
[EventDate "2013.??.??"]
[TimeControl "6600+1535"]
[WhiteClock "0:27:53"]
[BlackClock "0:31:47"]

1. g3 e5 2. c4 Nf6 3. Bg2 c6 4. d4 exd4 5. Qxd4 d5 6. Nf3 Be6 7. cxd5 cxd5 8.
O-O Nc6 9. Qa4 Bc5 10. Bg5 O-O 11. Nc3 h6 12. Bxf6 Qxf6 13. Rfd1 Bb6 14. e3
Rfd8 15. Rd2 Na5 16. Nd4 Nc4 17. Nxe6 fxe6 18. Nxd5 Rxd5 19. Rxd5 Nxb2 20. Qb3
exd5 21. Bxd5+ Kh8 22. Rb1 Rd8 23. Kg2 Na4 24. Qxa4 Rxd5 25. Qe8+ Kh7 26. Rc1
Qe5 27. Qf7 Qf5 0-1

[Event "Hastings Masters"]
[Site "Hastings, England"]
[Date "2013.05.01"]
[Round "10"]
[White "Ashton, Adam G"]
[Black "Eames, Robert S"]
[Result "1-0"]
[ECO "B50"]
[WhiteElo "2366"]
[BlackElo "2263"]
[PlyCount "83"]
[EventDate "2013.??.??"]
[TimeControl "6600+685"]
[WhiteClock "0:11:48"]
[BlackClock "0:26:28"]

1. e4 c5 2. Nf3 d6 3. Bc4 Nf6 4. d3 Nc6 5. c3 g6 6. h3 Bg7 7. O-O O-O 8. Bb3 b5
9. Re1 a5 10. a3 a4 11. Bc2 Ne5 12. Nbd2 Bb7 13. d4 cxd4 14. cxd4 Nxf3+ 15.
Nxf3 Nd7 16. Bd3 Ba6 17. Qe2 Qb6 18. Be3 Rfb8 19. Rec1 e6 20. Rc2 b4 21. axb4
Bxd3 22. Qxd3 Qxb4 23. Rac1 d5 24. Bf4 dxe4 25. Qxe4 Nf6 26. Qc6 Re8 27. Bd6
Qa5 28. Ne5 Qd8 29. Rc4 Bf8 30. Bxf8 Rxf8 31. Rxa4 Rxa4 32. Qxa4 Nd5 33. Qa6
Qg5 34. Rc8 Nf4 35. Rxf8+ Kxf8 36. Qc8+ Kg7 37. Qh8+ Kxh8 38. Nxf7+ Kg7 39.
Nxg5 Ne2+ 40. Kf1 Nxd4 41. Nf3 Nc6 42. Ke2 1-0

[Event "Hastings Masters"]
[Site "Hastings, England"]
[Date "2013.05.01"]
[Round "10"]
[White "Kirk, Ezra"]
[Black "Knott, Simon J B"]
[Result "0-1"]
[ECO "D85"]
[WhiteElo "2254"]
[BlackElo "2325"]
[PlyCount "82"]
[EventDate "2013.??.??"]
[TimeControl "6600+1870"]
[WhiteClock "0:00:59"]
[BlackClock "0:26:33"]

1. d4 Nf6 2. c4 g6 3. Nc3 d5 4. cxd5 Nxd5 5. e4 Nxc3 6. bxc3 Bg7 7. Nf3 c5 8.
Rb1 O-O 9. Be2 Nc6 10. d5 Bxc3+ 11. Bd2 Bxd2+ 12. Qxd2 Na5 13. h4 Bg4 14. Ng5
Bxe2 15. Kxe2 h6 16. Nf3 Kh7 17. Qc3 b6 18. Ng5+ Kg8 19. h5 Qc8 20. Nf3 g5 21.
Kf1 f6 22. Kg1 e5 23. Nd2 Qd7 24. Rh3 Nb7 25. Nc4 Rab8 26. Qa3 b5 27. Qxa7 bxc4
28. Rc3 Qf7 29. Qa6 Qc7 30. Rb6 Nd8 31. Rxf6 Rxf6 32. Qxf6 Rb6 33. Qf5 Nf7 34.
Ra3 Kg7 35. Rf3 c3 36. Rxc3 c4 37. Qg4 Rf6 38. Qe2 Nd6 39. Qe3 Nb5 40. Rc1 c3
41. Kh2 c2 0-1

[Event "Hastings Masters"]
[Site "Hastings, England"]
[Date "2013.05.01"]
[Round "10"]
[White "Haydon, David L"]
[Black "Atako, Chino C"]
[Result "1/2-1/2"]
[ECO "E63"]
[WhiteElo "2315"]
[BlackElo "2117"]
[PlyCount "121"]
[EventDate "2013.??.??"]
[TimeControl "6600+2440"]
[WhiteClock "0:42:46"]
[BlackClock "0:31:22"]

1. d4 g6 2. Nf3 Bg7 3. g3 Nf6 4. Bg2 O-O 5. c4 d6 6. Nc3 Nc6 7. O-O a6 8. Nd5
Ne4 9. Qd3 f5 10. Nc3 Nxc3 11. Qxc3 e5 12. e3 Qe7 13. b4 e4 14. Nd2 Ne5 15. Ba3
Nd3 16. Nb3 a5 17. bxa5 c5 18. Rad1 Be6 19. f3 Qg5 20. Rxd3 exd3 21. Qxd3 Qd8
22. f4 b6 23. Bxa8 Qxa8 24. d5 Bd7 25. Rf2 bxa5 26. Bb2 Re8 27. Bxg7 Kxg7 28.
Qc3+ Kf7 29. Nd2 Ba4 30. e4 fxe4 31. Re2 Bd1 32. Rxe4 Bg4 33. Qe3 Qb8 34. Rxe8
Qxe8 35. Qxe8+ Kxe8 36. Kf2 Bf5 37. Ke3 Ke7 38. Ne4 h6 39. Nf2 Bb1 40. a3 h5
41. h3 Kf6 42. Ne4+ Ke7 43. g4 hxg4 44. hxg4 Bc2 45. g5 Bb1 46. f5 gxf5 47. Ng3
Kf7 48. Kf4 Kg6 49. Nf1 Bd3 50. Ne3 a4 51. Ng2 Bxc4 52. Nh4+ Kh5 53. Nxf5 Bxd5
54. Nxd6 c4 55. Nb5 Kg6 56. Nc3 Bc6 57. Ne2 Be8 58. Ke5 Kxg5 59. Kd4 Kf5 60.
Nc3 Ke6 61. Nxa4 {Ke5+} 1/2-1/2

[Event "Hastings Masters"]
[Site "Hastings, England"]
[Date "2013.05.01"]
[Round "10"]
[White "Armstrong, Malcolm J"]
[Black "Jaunooby, Ali R"]
[Result "0-1"]
[ECO "A37"]
[WhiteElo "2046"]
[BlackElo "2178"]
[PlyCount "102"]
[EventDate "2013.??.??"]
[TimeControl "6600+790"]
[WhiteClock "0:45:27"]
[BlackClock "1:30:15"]

1. Nf3 c5 2. c4 Nc6 3. Nc3 g6 4. g3 Bg7 5. Bg2 e6 6. O-O Nge7 7. e4 h6 8. Re1
d6 9. d3 g5 10. h3 a6 11. Be3 Nd4 12. Rb1 Nec6 13. a3 Qa5 14. Bd2 Qc7 15. b4 b6
16. Ne2 Nxf3+ 17. Bxf3 Ne5 18. Nc1 Nxf3+ 19. Qxf3 Bb7 20. Qe2 O-O 21. Nb3 Rae8
22. Kh2 f5 23. f3 cxb4 24. Bxb4 a5 25. Bd2 a4 26. Na1 d5 27. Bb4 dxe4 28. dxe4
Rf7 29. e5 Rc8 30. Rbc1 Ba6 31. Bd6 Qc6 32. Nc2 Qxc4 33. Qxc4 Rxc4 34. Ne3 Rd4
35. Red1 Rxd1 36. Rxd1 f4 37. Nc2 fxg3+ 38. Kxg3 Be2 39. Rb1 Rxf3+ 40. Kg2 Rb3
41. Re1 Bf3+ 42. Kf2 Bd5 43. Ne3 Rb2+ 44. Kg3 Be4 45. Rc1 Re2 46. Rc3 h5 47. h4
Bh6 48. hxg5 Bxg5 49. Rc8+ Kh7 50. Nc4 Rg2+ 51. Kh3 Bf4 0-1

[Event "Hastings Masters"]
[Site "Hastings, England"]
[Date "2013.05.01"]
[Round "10"]
[White "Maroroa, Sue"]
[Black "Byron, Alan M"]
[Result "1/2-1/2"]
[ECO "B52"]
[WhiteElo "2037"]
[BlackElo "2167"]
[PlyCount "173"]
[EventDate "2013.??.??"]
[TimeControl "6600+1425"]
[WhiteClock "1:26:00"]
[BlackClock "0:44:34"]

1. e4 c5 2. Nf3 d6 3. Bb5+ Bd7 4. Bxd7+ Qxd7 5. O-O Nc6 6. Qe2 e6 7. Rd1 Be7 8.
d4 cxd4 9. Nxd4 a6 10. a4 Nf6 11. c4 Qc7 12. Nc3 Rc8 13. Nxc6 Qxc6 14. b3 O-O
15. Bb2 Rfd8 16. Rd3 b5 17. axb5 axb5 18. Nxb5 Qxe4 19. Re3 Qg4 20. Qxg4 Nxg4
21. Rg3 Bf6 22. Bxf6 Nxf6 23. Rd3 d5 24. Rad1 Rf8 25. Rc1 dxc4 26. bxc4 Rc5 27.
Nd4 Rfc8 28. Nb3 R5c7 29. g3 Kf8 30. c5 Ke7 31. h4 Ne4 32. Rd4 Nxc5 33. Nxc5
Rxc5 34. Rcd1 Rc1 35. Rxc1 Rxc1+ 36. Kg2 e5 37. Ra4 Rd1 38. Ra7+ Ke6 39. Kf3
Rd7 40. Ra6+ Rd6 41. Ra7 g6 42. Rb7 Ra6 43. Rc7 h6 44. Rb7 Ra3+ 45. Ke2 Ra2+
46. Kf3 Ra6 47. Rc7 Kf6 48. Rb7 Re6 49. Ke4 Ra6 50. Kf3 g5 51. hxg5+ hxg5 52.
Rc7 Ra3+ 53. Ke4 Ra4+ 54. Kf3 g4+ 55. Ke3 Kg6 56. Re7 f6 57. Re8 Kf5 58. Rg8
Re4+ 59. Kd3 Re1 60. Kd2 Ra1 61. Ke3 Ra3+ 62. Ke2 Ra4 63. Ke3 Ke6 64. Re8+ Kf7
65. Rb8 f5 66. Rb6 Rd4 67. Ra6 Ke7 68. Rh6 Rd6 69. Rh7+ Ke6 70. Rh8 Rc6 71.
Re8+ Kd6 72. Rd8+ Ke7 73. Rd3 Rc4 74. Ra3 Ke6 75. Ra5 Kd6 76. Ra6+ Kd5 77. Ra5+
Rc5 78. Ra4 Rb5 79. Kd3 Kc5 80. Rc4+ Kb6 81. Rc8 Rb3+ 82. Ke2 Rf3 83. Re8 e4
84. Rc8 e3 85. fxe3 Rxg3 86. Rf8 Rf3 87. Rg8 1/2-1/2

[Event "Hastings International Chess Congress"]
[Site "Horntye Sports Complex"]
[Date "2013.01.06"]
[Round "10.2"]
[White "Furman, Boris"]
[Black "Ramstad, Havard"]
[Result "1-0"]
[ECO "D10"]
[WhiteElo "2237"]
[BlackElo "2071"]
[PlyCount "61"]
[EventDate "2013.??.??"]
[TimeControl "6600+1280"]
[WhiteClock "0:43:54"]
[BlackClock "0:39:53"]

1. d4 d5 2. c4 c6 3. Nc3 Nf6 4. Bg5 dxc4 5. Nf3 h6 6. Bh4 Qa5 7. Qd2 Nd5 8. e4
Nxc3 9. bxc3 b5 10. Be2 Bb7 11. O-O e6 12. Ne5 Bd6 13. f4 Bxe5 14. fxe5 g5 15.
Bh5 Nd7 16. Bxf7+ Kd8 17. Bxe6 gxh4 18. Bxd7 Kc7 19. e6 Qa3 20. Rf7 Raf8 21.
Raf1 Rxf7 22. Rxf7 Rg8 23. Qf4+ Kb6 24. Bxc6 Rxg2+ 25. Kxg2 Qb2+ 26. Kh3 Qxc3+
27. Kg4 Ka5 28. Rxb7 Qxd4 29. Qc7+ Kb4 30. Qe7+ Ka5 31. Qa3# 1-0

[Event "Hastings International Chess Congress"]
[Site "Horntye Sports Complex"]
[Date "2013.01.06"]
[Round "10.4"]
[White "Burnett, Jim"]
[Black "Mitchell, Robert"]
[Result "1-0"]
[ECO "A41"]
[WhiteElo "2172"]
[BlackElo "1690"]
[PlyCount "73"]
[EventDate "2013.??.??"]
[TimeControl "6600+775"]
[WhiteClock "0:39:46"]
[BlackClock "0:24:41"]

1. d4 d6 2. g3 c6 3. Bg2 g6 4. c4 Bg7 5. Nc3 e5 6. Nf3 Be6 7. d5 Bd7 8. O-O Ne7
9. e4 O-O 10. Re1 Na6 11. Qe2 c5 12. Bd2 Nc7 13. a3 a6 14. b4 b6 15. Rab1 Rb8
16. Rb2 Na8 17. Reb1 Qc7 18. Ne1 Rfc8 19. Bf1 Qa7 20. Be3 Nc7 21. Rb3 f5 22. f3
Ne8 23. Qb2 f4 24. Bf2 Qc7 25. bxc5 dxc5 26. Rxb6 Rxb6 27. Qxb6 Qxb6 28. Rxb6
fxg3 29. hxg3 a5 30. Nd3 Rd8 31. Nxc5 Nf6 32. Rb7 Bf8 33. Nxd7 Nxd7 34. c5 Nb8
35. Bc4 Kh8 36. f4 exf4 37. Bd4+ 1-0

[Event "Hastings International Chess Congress"]
[Site "Horntye Sports Complex"]
[Date "2013.01.06"]
[Round "10.5"]
[White "Taylor, Adam C"]
[Black "Shierlaw, Hamish"]
[Result "1-0"]
[ECO "A14"]
[WhiteElo "1946"]
[BlackElo "1582"]
[PlyCount "47"]
[EventDate "2013.??.??"]
[TimeControl "6000+1200"]
[WhiteClock "0:54:33"]
[BlackClock "0:32:47"]

1. c4 Nf6 2. g3 e6 3. Bg2 d5 4. Nf3 Be7 5. O-O O-O 6. d4 c6 7. Qc2 Nbd7 8. Rd1
Qc7 9. Nc3 dxc4 10. Bf4 Bd6 11. Bxd6 Qxd6 12. e4 Qe7 13. a4 b6 14. Re1 Bb7 15.
e5 Nd5 16. Ne4 h6 17. Qxc4 c5 18. Nd6 Bc8 19. Nd2 Rb8 20. Bxd5 exd5 21. Qxd5
cxd4 22. e6 fxe6 23. Rxe6 Qg5 24. Re5+ 1-0

[Event "Hastings International Chess Congress"]
[Site "Horntye Sports Complex"]
[Date "2013.01.06"]
[Round "10.6"]
[White "Grant, Alan G"]
[Black "Hutchinson, Norman A"]
[Result "1-0"]
[ECO "A18"]
[WhiteElo "2165"]
[BlackElo "2108"]
[PlyCount "49"]
[EventDate "2013.??.??"]
[TimeControl "6600+670"]
[WhiteClock "0:52:00"]
[BlackClock "1:05:16"]

1. c4 Nf6 2. Nc3 e6 3. e4 d5 4. e5 d4 5. exf6 dxc3 6. bxc3 Qxf6 7. Nf3 Nd7 8.
d4 h6 9. Bd3 c5 10. O-O Bd6 11. Re1 g5 12. Be3 b6 13. Be4 Rb8 14. Qa4 a5 15.
dxc5 bxc5 16. Rad1 Ke7 17. Rxd6 Kxd6 18. Qc6+ Ke7 19. Bxc5+ Nxc5 20. Qxc5+ Ke8
21. Bc6+ Bd7 22. Bxd7+ Kxd7 23. Ne5+ Ke8 24. Qc6+ Ke7 25. Qc7+ 1-0

[Event "Hastings International Chess Congress"]
[Site "Horntye Sports Complex"]
[Date "2013.01.06"]
[Round "10.7"]
[White "Pickersgill, Adrian O"]
[Black "Kwiatkowski, Feliks J"]
[Result "0-1"]
[ECO "B23"]
[WhiteElo "2029"]
[BlackElo "2232"]
[PlyCount "132"]
[EventDate "2013.??.??"]
[TimeControl "6600+1790"]
[WhiteClock "1:00:21"]
[BlackClock "0:26:20"]

1. e4 c5 2. Nc3 Nc6 3. f4 g6 4. Nf3 Bg7 5. Bb5 Nd4 6. O-O Nxb5 7. Nxb5 d5 8.
exd5 a6 9. Nc3 Nf6 10. d4 c4 11. Qe2 Nxd5 12. Qxc4 Be6 13. Nxd5 Bxd5 14. Qd3
Bxf3 15. Rxf3 Qxd4+ 16. Qxd4 Bxd4+ 17. Kf1 O-O 18. c3 Bf6 19. Rd3 Rfd8 20. Ke2
Rxd3 21. Kxd3 Rd8+ 22. Kc2 e5 23. Be3 e4 24. Rd1 Rxd1 25. Kxd1 Kf8 26. a4 Ke7
27. Kc2 Ke6 28. c4 Be7 29. Kc3 a5 30. b3 f5 31. h3 h5 32. Kd2 Bb4+ 33. Ke2 Kd6
34. Bd4 Kc6 35. Be3 b6 36. Bd4 Ba3 37. Be3 Bc5 38. Bd2 Bd4 39. Be1 Kc5 40. Bd2
Bb2 41. Ke3 Ba3 42. g4 hxg4 43. hxg4 Bb2 44. gxf5 gxf5 45. Ke2 Bd4 46. Be1 Bg1
47. Bc3 Bh2 48. Ke3 Bg1+ 49. Ke2 Bd4 50. Bd2 Bb2 51. Ke3 Ba3 52. Ke2 Kd6 53.
Be3 Bc5 54. Bd2 Ke6 55. Bc3 Kf7 56. Kf1 Kg6 57. Kg2 Be3 58. Be5 Kf7 59. Kf1 Ke6
60. Ke2 Bg1 61. Kf1 Bc5 62. Bc3 Kd6 63. Kg2 Be3 64. Kg3 Kc5 65. Be5 Kb4 66. Kh4
Bc5 0-1

[Event "Hastings International Chess Congress"]
[Site "Horntye Sports Complex"]
[Date "2013.01.06"]
[Round "10.8"]
[White "Talsma, Paul"]
[Black "Haria, Ravi"]
[Result "0-1"]
[ECO "A58"]
[WhiteElo "2229"]
[BlackElo "2032"]
[PlyCount "56"]
[EventDate "2013.??.??"]
[TimeControl "6600+1650"]
[WhiteClock "0:20:33"]
[BlackClock "0:26:25"]

1. d4 Nf6 2. c4 c5 3. d5 b5 4. cxb5 a6 5. bxa6 g6 6. Nc3 Bxa6 7. f4 Bg7 8. Nf3
Qa5 9. Bd2 O-O 10. e4 d6 11. Bxa6 Qxa6 12. Kf2 Qb6 13. Re1 c4+ 14. Kf1 Nbd7 15.
Rb1 Ng4 16. Qe2 Rfc8 17. h3 Ngf6 18. Be3 Qa6 19. Nd4 Nc5 20. Nc6 Rxc6 21. dxc6
Nfxe4 22. Nxe4 Nxe4 23. Qc2 Qxc6 24. b4 Nc3 25. Rb2 Nb5 26. a4 Na3 27. b5 Nxc2
28. bxc6 Bxb2 0-1

[Event "Hastings International Chess Congress"]
[Site "Horntye Sports Complex"]
[Date "2013.01.06"]
[Round "10.9"]
[White "Cafferty, Bernard"]
[Black "Flynn, David"]
[Result "0-1"]
[ECO "A00"]
[WhiteElo "2105"]
[BlackElo "1921"]
[PlyCount "102"]
[EventDate "2013.??.??"]
[TimeControl "6600+1425"]
[WhiteClock "0:46:04"]
[BlackClock "0:43:54"]

1. e3 c5 2. c4 b6 3. Nc3 Nf6 4. Nf3 Bb7 5. d4 cxd4 6. exd4 g6 7. Bd3 Bg7 8. O-O
O-O 9. Re1 d6 10. Bg5 Re8 11. Qe2 Nbd7 12. Rad1 Rc8 13. d5 Nc5 14. Bc2 Qc7 15.
Nd4 a6 16. a4 Ncd7 17. b3 Bxd5 18. Ndb5 Bxc4 19. bxc4 axb5 20. Nxb5 Qxc4 21.
Bd3 Qd5 22. Bxf6 Bxf6 23. Bxg6 Qc4 24. Bf5 Qxe2 25. Rxe2 Red8 26. g3 Rc4 27.
Re4 Rxe4 28. Bxe4 Nc5 29. Bc2 d5 30. f4 e6 31. Kf1 h6 32. Ke2 Ra8 33. f5 Nxa4
34. Rf1 Be5 35. fxe6 fxe6 36. Bg6 Rf8 37. Bh7+ Kg7 38. Rxf8 Kxf8 39. Bc2 Nc5
40. Na7 Ke8 41. Kf3 Kd7 42. Kg4 d4 43. Kh5 d3 44. Bd1 Bg7 45. Kg6 Bf8 46. Kf7
Be7 47. h4 Bd6 48. g4 Bf4 49. Kg6 Ne4 50. Ba4+ Kd6 51. Nc8+ Kc5 0-1

[Event "Hastings International Chess Congress"]
[Site "Horntye Sports Complex"]
[Date "2013.01.06"]
[Round "10.10"]
[White "Pooley, Mark C"]
[Black "Gregory, Stephen J"]
[Result "0-1"]
[ECO "B08"]
[WhiteElo "1693"]
[BlackElo "2086"]
[PlyCount "50"]
[EventDate "2013.??.??"]
[TimeControl "6600+895"]
[WhiteClock "1:09:36"]
[BlackClock "1:06:05"]

1. e4 d6 2. Nf3 Nf6 3. Nc3 g6 4. d4 Bg7 5. h3 O-O 6. Be3 c6 7. Qd2 b5 8. a3
Nbd7 9. Bd3 e5 10. b4 exd4 11. Nxd4 Bb7 12. f3 a6 13. Nb3 Rc8 14. Bh6 Bxh6 15.
Qxh6 c5 16. Na5 Ba8 17. Qd2 d5 18. O-O-O d4 19. Nb1 Qe7 20. Rhe1 Ne5 21. Bf1 d3
22. c3 cxb4 23. Bxd3 bxc3 24. Qc2 Nh5 25. Nb3 Qg5+ 0-1

[Event "Hastings International Chess Congress"]
[Site "Horntye Sports Complex"]
[Date "2013.01.06"]
[Round "10.11"]
[White "Rumsey, Victor B"]
[Black "Cekulis, Maris"]
[Result "1/2-1/2"]
[ECO "B07"]
[WhiteElo "2138"]
[BlackElo "1811"]
[PlyCount "53"]
[EventDate "2013.??.??"]
[TimeControl "6600+1540"]
[WhiteClock "0:11:24"]
[BlackClock "0:05:03"]

1. d4 d6 2. e4 Nf6 3. Nc3 c6 4. f4 Qa5 5. Bd3 e5 6. Nf3 exd4 7. Nxd4 g6 8. O-O
Bg7 9. Be2 O-O 10. Be3 Re8 11. Bf3 Qc7 12. Qd2 Ng4 13. Bxg4 Bxg4 14. f5 d5 15.
Rf4 gxf5 16. exf5 h5 17. f6 Qe5 18. fxg7 Qxe3+ 19. Qxe3 Rxe3 20. Raf1 Re7 21.
h3 Bd7 22. Ndb5 Na6 23. Nd6 f5 24. Nxf5 Bxf5 25. Rxf5 Kxg7 26. Rxh5 Rae8 27.
Rf4 1/2-1/2